 Dungeon Crawl Stone Soup version 0.17-a0-1951-g62301d3 (webtiles) character file.

46 Japsu the Skirmisher (level 3, -4/29 HPs)
             Began as a Demonspawn Berserker on Oct 3, 2015.
             Was a Believer of Trog.
             Slain by Sigmund
             ... wielding a +0 scythe
              (8 damage)
             ... on level 2 of the Dungeon.
             The game lasted 00:12:59 (1916 turns).

Japsu the Skirmisher (Demonspawn Berserker)         Turns: 1916, Time: 00:13:00

Health: -4/29      AC:  7    Str: 17    XL:     3   Next: 46%
Magic:  3/3        EV: 10    Int:  8    God:    Trog [**....]
Gold:   120        SH:  0    Dex: 13    Spells: 0 memorised, 2 levels left

rFire  + . .     SeeInvis .     a - +0 falchion
rCold  . . .     Clarity  .     h - +0 scale mail
rNeg   . . .     SustAt   .     (no shield)
rPois  .         Gourm    .     (no helmet)
rElec  .         Spirit   .     (no cloak)
rCorr  .         Warding  .     g - +0 pair of gloves
rMut   .         Stasis   .     (no boots)
MR     .....                    (no amulet)
Stlth  +.........               (no ring)
                                l - ring of protection from fire

@: not resistant to hostile enchantments, very unstealthy
A: nightstalker 1
a: Burn Spellbooks, Berserk, Trog's Hand, Renounce Religion


You were on level 2 of the Dungeon.
You worshipped Trog.
Trog was pleased with you.
You were not hungry.

You visited 1 branch of the dungeon, and saw 2 of its levels.

You collected 120 gold pieces.

Inventory:

Hand weapons
 a - a +0 falchion (weapon)
 i - a +0 hunting sling
 s - a +0 vampiric dagger
 t - a cursed -2 dagger
 u - a +0 hunting sling
Missiles
 j - 94 stones (quivered)
Armour
 b - a +0 animal skin
 f - a +0 ring mail
 g - a +0 pair of gloves (worn)
 h - a +0 scale mail (worn)
 m - a +2 robe of cold resistance
 o - a +0 ring mail
Jewellery
 l - a ring of protection from fire (left hand)
Scrolls
 q - a scroll of remove curse {unknown}
 r - a scroll of identify
Potions
 d - a potion of might
 e - a potion of heal wounds {unknown}
 k - a potion of ambrosia {unknown}
 n - a potion of mutation {unknown}
Comestibles
 c - a bread ration
 p - a royal jelly


   Skills:
 + Level 3.2 Fighting
 + Level 3.2 Long Blades
 + Level 2.1 Armour
 + Level 2.4 Dodging
 + Level 0.2 Stealth


You had 2 spell levels left.
You didn't know any spells.

Dungeon Overview and Level Annotations

Branches:
Dungeon (2/15)

Altars:
Elyvilon
Kikubaaqudgha

Annotations:
D:2 Sigmund


Innate Abilities, Weirdness & Mutations

You are slightly more attuned to the shadows.


Message History

Sigmund gestures wildly while chanting.
Sigmund flickers and vanishes!
Deactivating autopickup; reactivate with Ctrl-A.
Something hits you.
* * * LOW HITPOINT WARNING * * *
You bump into the rock wall.
You feel less confused. Something hits you but does no damage.
You closely miss something.
You hear some strange, mumbled words.
A magic dart appears from out of thin air!
The magic dart hits you!
* * * LOW HITPOINT WARNING * * *
You barely miss something. Something hits you but does no damage.
You hit something. You closely miss something.
You hear some strange, mumbled words.
Something tries to affect you, but you resist.
You closely miss something. Something hits you!
You die...

.....# .#####
.....# #. ####.#
#. #.# #.
#.##### #.
#.....######?
#####.#....#.###
#.##.#.#.@{#
#...>#.###.#
######.###.#
#.....# #######


There were no monsters in sight!

Vanquished Creatures
  A worm (D:2)
  A giant gecko (D:1)
  6 bats
  2 giant cockroaches (D:2)
  5 goblins
  5 hobgoblins
  3 jackals (D:1)
  A quokka (D:2)
  2 ball pythons (D:2)
  A giant newt (D:2)
  6 kobolds
  5 rats
38 creatures vanquished.

Notes
Turn   | Place    | Note
--------------------------------------------------------------
     0 | D:1      | Japsu the Demonspawn Berserker began the quest for the Orb.
     0 | D:1      | Reached XP level 1. HP: 18/18 MP: 1/1
   278 | D:1      | Gained mutation: You are slightly more attuned to the shadows. [demonic ancestry]
   278 | D:1      | Reached XP level 2. HP: 17/24 MP: 2/2
   804 | D:1      | Acquired Trog's second power
   968 | D:2      | Found an ancient bone altar of Kikubaaqudgha.
  1065 | D:2      | Reached XP level 3. HP: 29/29 MP: 3/3
  1354 | D:2      | Found a white marble altar of Elyvilon.
  1889 | D:2      | Noticed Sigmund
  1916 | D:2      | Slain by Sigmund

Vault maps used:
D:1:      minmay_arrival_three_doors, serial_glass, glass_columns_b,
          glass_columns_b, minmay_strange_pillars, due_unseen_surprise
D:2:      kennysheep_big_flooded_room, elyvilon_altar_3, old_standard_altar,
          first_bread, uniq_sigmund

Action                   || total
-------------------------++-------
Melee: Falchion          ||   159
  Use: Scroll            ||     3
 Stab: Sleeping          ||     1
  Eat: Bread ration      ||     1
       Chunk             ||     1
